 Dungeon Crawl Stone Soup version 0.16.1-12-gf5c4a84 (webtiles) character file.

4602 jacksonaction the Transmogrifier (level 10, 0/71 HPs)
             Began as a Grey Draconian Transmuter on Apr 9, 2015.
             Was a High Priest of Sif Muna.
             Slain by Gastronok (8 damage)
             ... on level 8 of the Dungeon.
             The game lasted 01:38:08 (13486 turns).

jacksonaction the Transmogrifier (DrTm)            Turns: 13486, Time: 01:38:08

Health: 0/71       AC: 15    Str: 14    XL:     10   Next: 19%
Magic:  21/25      EV: 12    Int: 13    God:    Sif Muna [*****.]
Gold:   141        SH:  0    Dex: 14    Spells: 6 memorised, 7 levels left

rFire  . . .     SeeInvis .     H - melded +2 dagger (elec)
rCold  . . .     Clarity  .     (armour unavailable)
rNeg   . . .     SustAb   .     (shield currently unavailable)
rPois  .         Gourm    .     (helmet restricted)
rElec  .         Spirit   .     (no cloak)
rCorr  .         Warding  .     J - melded +1 pair of gloves
rMut   .         Stasis   .     B - +2 pair of boots {Fly}
MR     .....                    o - amulet of faith
Stlth  +.........               (no ring)
                                (no ring)

@: blade hands, not resistant to hostile enchantments, very unstealthy
A: walk through water, unfitting armour, unbreathing, cold-blooded, AC +12
a: End Transformation, Channel Energy, Forget Spell, Renounce Religion, Evoke
Flight


You were on level 8 of the Dungeon.
You worshipped Sif Muna.
Sif Muna was extremely pleased with you.
You were not hungry.
You had blades for hands.
You visited 2 branches of the dungeon, and saw 9 of its levels.
You also visited: Sewer.

You collected 502 gold pieces.
You spent 361 gold pieces at shops.

Inventory:

Hand weapons
 H - a +2 dagger of electrocution (melded)
Missiles
 q - 3 throwing nets
 s - 38 poisoned needles
 y - 37 stones (quivered)
 C - 6 tomahawks
 G - 3 curare-tipped needles
Armour
 B - a +2 pair of boots of flying (worn)
 F - a +0 cloak
 I - a +0 large shield
 J - a +1 pair of gloves (melded)
Jewellery
 n - an uncursed ring of see invisible {unknown}
 o - an amulet of faith (around neck)
 D - an uncursed ring of positive energy {unknown}
 M - an uncursed ring of positive energy {unknown}
Magical devices
 E - a wand of confusion (17)
Scrolls
 f - 2 scrolls of fear
 g - 2 scrolls of blinking
 l - 2 scrolls of amnesia
 p - a scroll of remove curse {unknown}
 t - 2 scrolls of recharging
 w - a scroll of identify
 x - 3 scrolls of teleportation
 z - a scroll of random uselessness {unknown}
 L - 2 scrolls of fog {unknown}
Potions
 c - a potion of poison {unknown}
 d - a potion of mutation {unknown}
 e - 2 potions of restore abilities {unknown}
 h - 3 potions of curing
 i - 3 potions of invisibility {unknown}
 j - 2 potions of heal wounds
 k - a potion of cure mutation {unknown}
 m - a potion of resistance {unknown}
 r - 3 potions of flight
 u - a potion of magic {unknown}
 N - a potion of brilliance {unknown}
Comestibles
 a - 6 bread rations
 b - 5 fruits
 v - 4 meat rations
 A - a beef jerky
 K - 3 chunks of flesh


   Skills:
 - Level 1.1 Fighting
 - Level 1.7 Dodging
 - Level 9.0 Unarmed Combat
 - Level 7.2 Spellcasting
 + Level 1.0 Translocations
 - Level 10.0 Transmutations


You had 7 spell levels left.
You knew the following spells:

 Your Spells              Type           Power        Failure   Level  Hunger
a - Beastly Appendage     Trmt           ####..       10%         1    None
b - Spider Form           Trmt/Pois      ###.......   41%         3    ##.....
c - Blade Hands           Trmt           ####......   45%         5    ######.
d - Blink                 Tloc           N/A          58%         2    #......
e - Repel Missiles        Chrm/Air       #.....       67%         2    #......
f - Mephitic Cloud        Conj/Pois/Air  #.......     88%         3    ##.....


Dungeon Overview and Level Annotations

Branches:
Dungeon (8/15)             Temple (1/1) D:4
   Lair: D:8-11

Altars:
Ashenzari
Cheibriados
Dithmenos
Elyvilon
Gozag
Kikubaaqudgha
Makhleb
Nemelex Xobeh
Okawaru
Qazlal
Sif Muna
Trog
Vehumet
Xom
Yredelemnul
Zin
The Shining One

Shops:
D:6 [=

Annotations:
D:3 Seakingmako's ghost, average DrSk
D:8 Gastronok


Innate Abilities, Weirdness & Mutations

You can walk through water.
Your dull iron-grey scales are very hard (AC +12).
Your body does not fit into most forms of armour.
You can survive without breathing.
Your cold-blooded metabolism reacts poorly to cold.


Message History

Gastronok mumbles some strange words.
You hit the bat.
You kill the bat!
The bat's corpse disappears in a puff of smoke!
The bat completely misses you.
You slash the bat!
You kill the bat!
The bat's corpse disappears in a puff of smoke!
Gastronok waves his eye-stalks in wide circles.
The air twists around and strikes you!
* * * LOW HITPOINT WARNING * * *
Unknown command.
A hound comes into view.
The quokka bites you but does no damage.
The quokka closely misses you.
The hound barks!
You hit Gastronok.
Gastronok is lightly wounded.
Gastronok bites you!
You die...

##### #...::........#
#....)........#
#.............#
#.............# #
#.............#
#.#.............#
#.#.............#
######.....)(........#
..%....w@.†.)........#
.........r)++#########
.h........#
..........#
..........# ..?......#
........# .......#
######


You could see Gastronok, a hound and a quokka.

Vanquished Creatures
  Pikel (D:7)
  Maurice (D:8)
  A hippogriff (D:8)
  2 orc warriors
  A water moccasin (D:7)
  2 sky beasts
  An ogre (D:8)
  4 slaves
  3 ice beasts
  5 centaurs
  Sigmund (D:7)
  3 giant frogs
  Blork the orc (D:7)
  A gnoll sergeant (D:6)
  4 scorpions
  5 killer bees (D:8)
  A goliath beetle (D:6)
  3 iguanas
  6 crimson imps
  2 hounds
  7 orc priests
  3 worker ants
  2 giant frog zombies (D:5)
  8 orc wizards
  Ijyb (D:5)
  A hound skeleton (D:6)
  10 adders
  23 gnolls
  3 shadow imps
  6 giant mites
  7 worms
  An adder skeleton (D:6)
  2 adder zombies
  7 oozes
  39 orcs
  2 ball pythons
  2 bat skeletons
  A bat zombie (D:6)
  7 giant cockroaches
  13 hobgoblins
  14 jackals
  6 quokkas
  17 bats
  11 giant geckos
  A giant gecko skeleton (D:7)
  10 giant newts
  12 goblins
  6 kobolds
  3 quokka skeletons
  22 rats
295 creatures vanquished.

Vanquished Creatures (others)
  An orc (D:7)
  A bat skeleton (D:4)
2 creatures vanquished.

Grand Total: 297 creatures vanquished

Notes
Turn   | Place    | Note
--------------------------------------------------------------
     0 | D:1      | jacksonaction, the Draconian Transmuter, began the quest for the Orb.
     0 | D:1      | Reached XP level 1. HP: 16/16 MP: 3/3
   200 | D:1      | Reached XP level 2. HP: 10/23 MP: 2/4
  1099 | D:1      | Reached XP level 3. HP: 28/28 MP: 4/6
  1612 | D:2      | Found a deep blue altar of Sif Muna.
  2122 | D:2      | Reached XP level 4. HP: 31/35 MP: 4/7
  2331 | D:1      | Reached skill level 4 in Transmutations
  2789 | D:3      | Noticed Seakingmako's ghost (average DrSk)
  3025 | D:3      | Found a glowing drain.
  3029 | Sewer    | Entered a sewer
  3040 | Sewer    | Reached XP level 5. HP: 11/40 MP: 7/9
  3044 | Sewer    | HP: 1/40 [ooze (5)]
  4506 | D:2      | Became a worshipper of Sif Muna the Loreminder
  4715 | D:3      | Reached skill level 5 in Unarmed Combat
  4816 | D:2      | Learned a level 3 spell: Spider Form
  5219 | D:3      | Reached XP level 6. HP: 42/47 MP: 10/12
  5571 | D:4      | Reached skill level 5 in Transmutations
  5584 | D:4      | Learned a level 5 spell: Blade Hands
  6322 | D:4      | Acquired Sif Muna's first power
  6371 | D:4      | Your scales start taking on a dull iron-grey colour.
  6371 | D:4      | Gained mutation: You can survive without breathing. [draconian maturity]
  6371 | D:4      | Reached XP level 7. HP: 52/52 MP: 11/14
  6417 | D:4      | Reached skill level 6 in Transmutations
  6653 | D:4      | Found a staircase to the Ecumenical Temple.
  6663 | Temple   | Entered the Ecumenical Temple
  7263 | D:5      | Entered Level 5 of the Dungeon
  7830 | D:5      | Noticed Ijyb
  7848 | D:5      | Killed Ijyb
  7903 | D:5      | Noticed a moth of wrath
  7904 | D:5      | Found a bloodstained altar of Trog.
  8324 | D:5      | Reached skill level 7 in Transmutations
  8910 | D:5      | Acquired Sif Muna's second power
  8910 | D:5      | Reached XP level 8. HP: 54/59 MP: 15/17
  9422 | D:6      | Reached skill level 8 in Transmutations
  9518 | D:6      | Found a basalt altar of Yredelemnul.
  9745 | D:6      | Found Lebunn's Antique Armour Boutique.
  9749 | D:6      | Bought a pair of runed boots for 135 gold pieces
  9749 | D:6      | Bought a pair of embroidered gloves for 135 gold pieces
 10147 | D:6      | Reached skill level 5 in Spellcasting
 10469 | D:6      | Reached skill level 9 in Transmutations
 10714 | D:6      | Acquired Sif Muna's third power
 10714 | D:6      | Reached XP level 9. HP: 48/64 MP: 16/22
 11385 | D:6      | Found Koyshry's Jewellery Shoppe.
 11393 | D:6      | Bought a cursed ring of loudness for 63 gold pieces
 11393 | D:6      | Bought a cursed amulet of inaccuracy for 28 gold pieces
 11529 | D:7      | Noticed Pikel
 12040 | D:7      | Found a sparkling altar of Nemelex Xobeh.
 12130 | D:7      | Reached skill level 10 in Transmutations
 12597 | D:7      | Noticed Sigmund
 12605 | D:7      | Killed Sigmund
 12823 | D:7      | Killed Pikel
 12954 | D:7      | Found a burning altar of Makhleb.
 13161 | D:7      | Noticed Blork the orc
 13172 | D:7      | Killed Blork the orc
 13349 | D:8      | Reached XP level 10. HP: 67/71 MP: 15/24
 13417 | D:8      | Noticed Maurice
 13440 | D:8      | Killed Maurice
 13450 | D:8      | Learned a level 2 spell: Blink
 13453 | D:8      | Learned a level 2 spell: Repel Missiles
 13457 | D:8      | Learned a level 3 spell: Mephitic Cloud
 13473 | D:8      | Noticed Gastronok
 13478 | D:8      | Reached skill level 1 in Translocations
 13486 | D:8      | Slain by Gastronok

Action                   |  1- 3 |  4- 6 |  7- 9 | 10-12 || total
-------------------------+-------+-------+-------+-------++-------
Melee: Unarmed           |   143 |   306 |   106 |    30 ||   585
       Dagger            |       |       |   491 |       ||   491
Throw: Stone             |    55 |   136 |    90 |       ||   281
       Tomahawk          |       |     2 |       |       ||     2
 Cast: Beastly Appendage |    22 |    37 |    44 |       ||   103
       Spider Form       |       |    11 |       |       ||    11
       Blade Hands       |       |       |    14 |     3 ||    17
 Abil: Stop Flying       |       |       |       |     1 ||     1
  Use: Potion            |       |     3 |     1 |       ||     4
       Scroll            |       |     1 |     6 |       ||     7
 Stab: Sleeping          |     1 |       |     2 |       ||     3
  Eat: Chunk             |     4 |    16 |    28 |     1 ||    49
